Match 42309063
Unlisted

Match 42309063
End
Construct Weapon Support Center
Selects Heavy Weapons
M1919 Machine Gun Team
M1919 Machine Gun Team
Bazooka Squad
Sniper
Engineer Squad
Infantry Support Center
Selects M2HB .50cal Heavy Machine Gun
Engineer Squad
M3 Armored Personnel Carrier
Construct Barracks
Riflemen Squad
Riflemen Squad
M1918 Browning Automatic Rifles
Selects Assault Carriers
Selects Exchangeable Parts
Construct Tank Depot
M4(105) Sherman Bulldozer
M4(105) Sherman Bulldozer
M4(105) Sherman Bulldozer
Riflemen Squad
Demolitions Package
TidaL
amese2002
蓝墨
CPU - Expert
CPU - Expert
CPU - Expert
0
0

Comments sign in to comment!

No comments posted yet!